 Dungeon Crawl Stone Soup version 0.29.1-15-g9cfb28693d (webtiles) character file.

Game seed: 2867996454885324697

611 javelincjr the Trooper (level 7, -3/56 HPs)
             Began as a Demonspawn Abyssal Knight on Mar 22, 2023.
             Was a Priest of Lugonu.
             Slain by an orc
             ... wielding a +0 hand axe
              (4 damage)
             ... on level 5 of the Dungeon.
             The game lasted 00:14:37 (3385 turns).

javelincjr the Trooper (Demonspawn Abyssal Knight)  Turns: 3385, Time: 00:14:38

Health: -3/56      AC: 14    Str: 15    XL:     7   Next: 20%
Magic:  10/10      EV:  7    Int:  9    God:    Lugonu [***...]
Gold:   212        SH:  0    Dex: 21    Spells: 6/6 levels left

rFire   . . .      SeeInvis .   l - +1 sling of Eternal War {venom, rElec rN+ Int-2 Dex+4}
rCold   . . .      Faith    .   (no shield)
rNeg    + . .      Spirit   .   a - +0 chain mail
rPois   .          Reflect  .   c - +0 helmet
rElec   +          Harm     .   s - +0 cloak
rCorr   .          Rampage  .   f - +2 pair of gloves {Dex+3}
Will    .....                   (no boots)
Stlth   ..........              o - amulet of magic regeneration
HPRegen 0.18/turn               (no ring)
MPRegen 0.52/turn               (no ring)

@: lethally poisoned (-3 -> -6)
A: powered by death 2
a: Renounce Religion, Depart the Abyss, Bend Space, Banish


You were on level 5 of the Dungeon.
You worshipped Lugonu.
Lugonu was most pleased with you.
You visited 2 branches of the dungeon, and saw 6 of its levels.
You visited the Abyss 1 time.
You also visited: Sewer.

You collected 310 gold pieces.
You spent 98 gold pieces at shops.

Inventory:

Hand Weapons
 l - the +1 sling of Eternal War (weapon) {venom, rElec rN+ Int-2 Dex+4}
   (You found it on level 2 of the Dungeon)

   Any ammunition fired from it poisons the flesh of those it strikes.
   Int:       It affects your intelligence (-2).
   Dex:       It affects your dexterity (+4).
   rElec:     It insulates you from electricity.
   rN:        It protects you from negative energy.
 r - a +3 quarterstaff of chaos
Missiles
 d - 4 silver javelins
 h - 4 boomerangs
 u - 5 curare-tipped darts
 y - 6 poisoned darts
Armour
 a - a +0 chain mail (worn)
 b - a +0 leather armour
 c - a +0 helmet (worn)
 f - a +2 pair of gloves of dexterity (worn)
 s - a +0 cloak (worn)
Jewellery
 o - an amulet of magic regeneration (around neck)
Wands
 p - a wand of roots (8)
 B - a wand of polymorph (8)
Scrolls
 e - a scroll of summoning {unknown}
 g - a scroll of magic mapping
 k - 5 scrolls of identify
 t - a scroll of amnesia {unknown}
 v - 2 scrolls of fear
 x - a scroll of poison {unknown}
 A - 2 scrolls of teleportation
Potions
 i - a potion of cancellation
 j - a potion of heal wounds {unknown}
 m - a potion of haste {unknown}
 n - 2 potions of degeneration {unknown}
 q - a potion of lignification {unknown}
 w - a potion of invisibility {unknown}
 z - 3 potions of curing


   Skills:
 * Level 5.1 Fighting
 + Level 3.1 Polearms
 + Level 1.8 Ranged Weapons
 + Level 3.2 Armour
 + Level 2.7 Dodging
 + Level 4.6 Invocations


You had 6 spell levels left.
You didn't know any spells.
Your spell library contained the following spells:

 Spells                   Type           Power      Damage    Failure   Level
 Sting                    Tmut/Pois      0%         1d3       100%        1
 Poisonous Vapours        Pois/Air       0%         N/A       100%        2
 Olgreb's Toxic Radiance  Pois           0%         N/A       100%        4


Dungeon Overview and Level Annotations

Branches:
Dungeon (5/15)             Temple (1/1) D:4           Sewer (visited)

Altars:
Ashenzari
Dithmenos
Gozag
Hepliaklqana
Kikubaaqudgha
Makhleb
Nemelex Xobeh
Qazlal
Trog
Uskayaw
Vehumet
Wu Jian
Xom

Shops:
D:4 [??


Innate Abilities, Weirdness & Mutations

You regenerate health from kills.


Message History

The water moccasin poisons you! The adder bites you but does no damage.
The iguana barely misses you. The orc completely misses you.
The water moccasin bites you but does no damage.
You shoot a sling bullet.
The sling bullet barely misses the iguana.
You feel very sick. The adder bites you but does no damage.
The water moccasin barely misses you. The adder bites you but does no damage.
The iguana bites you. The orc hits you with a +0 hand axe.
The dart slug launches a dart at you. The slug dart misses you.
The slug dart hits the iguana.
The water moccasin bites you. The adder barely misses you.
The iguana bites you but does no damage.
The orc hits you with a +0 hand axe.
Fire: l) +1 sling of Eternal War {venom, rElec rN+ Int-2 Dex+4}
Press: ? - help, Q - select action, (/) - cycle Shift-Dir - straight line, f - orc, p - iguana
Aim: an orc, wielding a +0 hand axe (63% to hit)
You shoot a sling bullet.
The sling bullet closely misses the orc.
You feel very sick.
The water moccasin bites you but does no damage.
The adder barely misses you.
The water moccasin bites you but does no damage.
The dart slug barely misses you. The orc hits you with a +0 hand axe.
The iguana bites you!
* * * LOW HITPOINT WARNING * * *
The adder barely misses you.
Fire: l) +1 sling of Eternal War {venom, rElec rN+ Int-2 Dex+4}
Press: ? - help, Q - select action, (/) - cycle Shift-Dir - straight line, f/p - orc
Aim: an orc, wielding a +0 hand axe (63% to hit)
You shoot a sling bullet. The sling bullet hits the orc.
The orc is heavily wounded.
You feel sick. The water moccasin closely misses you.
The adder barely misses you. The iguana barely misses you.
The orc hits you but does no damage. The water moccasin barely misses you.
The dart slug closely misses you. The adder bites you but does no damage.
The iguana bites you!
* * * LOW HITPOINT WARNING * * *
The orc hits you with a +0 hand axe.
You die...

##+######
#.......#
#.......+
#.......#
#.......#
#....ol.#
#...S@..#
#...wS..#
#.......#
#.......#
#.......#
#########


You could see a water moccasin, an iguana (very poisoned), an adder, a dart slug
and an orc.

Vanquished Creatures
  Pargi (Sewer)
  A phantom (D:5)
  A bullfrog (D:4)
  Blork the orc (D:4)
  Crazy Yiuf (D:2)
  A hound (D:4)
  An iguana (D:5)
  Natasha (thrice) (D:2)
  4 gnolls
  3 adders
  2 river rats (D:3)
  A worm (D:3)
  6 endoplasms
  3 giant cockroaches
  8 goblins
  3 hobgoblins
  6 jackals
  10 kobolds
  3 quokkas
  6 ball pythons
  5 bats
  5 frilled lizards
  9 rats
84 creatures vanquished.

Notes
Turn   | Place    | Note
-------+----------+-------------------------------------------
     0 | Abyss:1  | javelincjr the Demonspawn Abyssal Knight began the quest
                  | for the Orb.
     0 | Abyss:1  | Reached XP level 1. HP: 18/18 MP: 2/2
    50 | Abyss:1  | Noticed a small abomination
    56 | D:1      | Escaped the Abyss
    74 | D:1      | Reached skill level 1 in Dodging
   119 | D:1      | Reached ** piety under Lugonu
   120 | D:1      | Found a faded altar of an unknown god.
   167 | D:1      | Gained mutation: You regenerate a little health from kills.
                  | [demonic ancestry]
   167 | D:1      | Reached XP level 2. HP: 18/24 MP: 3/3
   705 | D:2      | Reached XP level 3. HP: 29/29 MP: 5/5
   734 | D:2      | Identified the +1 sling of Eternal War {venom, rElec rN+
                  | Int-2 Dex+4}
   955 | D:2      | Noticed Natasha
   962 | D:2      | Killed Natasha
  1069 | D:2      | Noticed Natasha
  1076 | D:2      | Killed Natasha
  1077 | D:2      | Reached XP level 4. HP: 30/37 MP: 6/6
  1149 | D:2      | Noticed Natasha
  1153 | D:2      | Killed Natasha
  1197 | D:2      | Found a runed translucent door.
  1198 | D:2      | Noticed Crazy Yiuf
  1259 | D:2      | Killed Crazy Yiuf
  1260 | D:2      | Reached skill level 4 in Fighting
  1260 | D:2      | Reached XP level 5. HP: 20/42 MP: 0/7
  1634 | D:3      | Reached *** piety under Lugonu
  1667 | D:3      | Found a glowing drain.
  1674 | Sewer    | Entered a sewer
  1785 | Sewer    | Noticed Pargi
  1815 | Sewer    | Killed Pargi
  1816 | Sewer    | Reached skill level 1 in Ranged Weapons
  1816 | Sewer    | Reached XP level 6. HP: 17/49 MP: 7/9
  2042 | Sewer    | Identified a scroll of acquirement
  2045 | Sewer    | Acquired a +2 pair of gloves of dexterity
  2261 | D:3      | You fall into a shaft and drop 1 floor!
  2261 | D:4      | Found Xusucoth's Magic Scroll Shoppe.
  2261 | D:4      | Found a staircase to the Ecumenical Temple.
  2273 | D:4      | Bought a scroll of fear for 56 gold pieces
  2273 | D:4      | Bought a scroll of teleportation for 42 gold pieces
  2285 | Temple   | Entered the Ecumenical Temple
  2546 | D:4      | Found Jauhick's Antique Armour Boutique.
  2600 | D:4      | Found a shimmering altar of Xom.
  2806 | D:4      | Found Ysmiupim's Magic Scroll Shop.
  3176 | D:4      | Noticed Blork the orc
  3180 | D:4      | Killed Blork the orc
  3181 | D:4      | Reached skill level 5 in Fighting
  3181 | D:4      | Gained mutation: You regenerate health from kills. [demonic
                  | ancestry]
  3181 | D:4      | Reached XP level 7. HP: 53/56 MP: 10/10
  3181 | D:4      | Found a broken altar of Ashenzari.
  3279 | D:5      | Entered Level 5 of the Dungeon
  3385 | D:5      | HP: 1/56 [iguana (10)]
  3385 | D:5      | Slain by an orc

Illustrated notes

Levels and vault maps discovered:
D:1:      wander_arrival_lonely_grave, layout_rooms,
          chequers_ecumenical_altar_simple_redux, hangedman_feature_mirror
D:2:      layout_rooms, uniq_crazy_yiuf_cottage, uniq_natasha
D:3:      kennysheep_six_static_rooms, layout_loops_ring,
          lightli_sewer_entry_pipes
D:4:      kennysheep_big_flooded_room, layout_basic, xom_teletrap_fun,
          lemuel_coloured_pillars_altar, minmay_temple_entry_arrows,
          serial_shops, shop, shop, kennysheep_mini, uniq_blork_the_orc
D:5:      layout_basic, okawaru_altar_gauntlet_db,
          nicolae_ru_the_path_less_chosen, lightli_minifort
Temple:   minmay_temple_curvy_loop

Skill      XL: |  1  2  3  4  5  6 |
---------------+-------------------+-----
Dodging        | 1 2 |  2.7
Armour         | 2 3 |  3.2
Polearms       | 2 3 |  3.1
Invocations    | 3 4 |  4.6
Fighting       | 4 5 |  5.1
Ranged Weapons | 1 |  1.8

Action                   |  1- 3 |  4- 6 |  7- 9 || total
-------------------------+-------+-------+-------++-------
Melee: Spear             |    74 |       |       ||    74
       Punch             |     1 |       |       ||     1
       Quarterstaff      |       |     8 |       ||     8
 Fire: Sling             |    18 |   133 |    24 ||   175
Throw: Boomerang         |    23 |       |       ||    23
Invok: Depart the Abyss  |     1 |       |       ||     1
  Use: Potion            |       |     2 |       ||     2
       Scroll            |       |     6 |       ||     6
 Stab: Sleeping          |     2 |       |       ||     2
Armor: Leather armour    |    12 |    67 |       ||    79
       Chain mail        |       |    28 |    20 ||    48
Dodge: Dodged            |    40 |   111 |    24 ||   175
